 Dungeon Crawl Stone Soup version 0.27-a0-1529-g1e82c303ef (webtiles) character file.

Game seed: 1314603200931993975

2750 hatdisgam the Slinger (level 9, -16/106 HPs)
             Began as a Gnoll Hunter on July 11, 2021.
             Was an Initiate of Dithmenos.
             Killed from afar by Maggie (18 damage)
             ... with a bolt of fire
             ... on level 8 of the Dungeon.
             The game lasted 00:14:43 (10138 turns).

hatdisgam the Slinger (Gnoll Hunter)               Turns: 10138, Time: 00:14:46

Health: -16/106    AC: 24    Str: 14    XL:     9   Next: 68%
Magic:  15/15      EV:  2    Int: 12    God:    Dithmenos [......]
Gold:   170        SH:  0    Dex: 12    Spells: 17/17 levels left

rFire    . . .     SeeInvis .   b - +3 flail
rCold    . . .     Faith    .   (no shield)
rNeg     + + +     Spirit   .   (armour currently unavailable)
rPois    +         Reflect  .   (helmet currently unavailable)
rElec    .         Harm     .   (cloak currently unavailable)
rCorr    .         Rampage  .   (gloves currently unavailable)
Will     .....     NoTele   +   (boots currently unavailable)
Stlth    +++.......             (no amulet)
HPRegen  0.27/turn              (no ring)
MPRegen  0.14/turn              (no ring)

@: mighty, lethally poisoned (-16 -> -18), tree-form (expiring)
A: stationary, stasis, torment immunity, boosted hp, (fangs 1), strong nose,
distributed training
a: Renounce Religion


You were on level 8 of the Dungeon.
You worshipped Dithmenos.
Dithmenos was noncommittal.
You were a tree.
You visited 2 branches of the dungeon, and saw 9 of its levels.

You collected 320 gold pieces.
You spent 150 gold pieces at shops.

Inventory:

Hand Weapons
 a - a +1 hunting sling
 b - a +3 flail (weapon)
 n - a +2 antimagic dagger
 z - a +0 spear
 F - a +0 trident
 K - a +3 dagger of speed
 L - a +0 short sword
Missiles
 d - 58 sling bullets
 l - 7 atropa-tipped darts (quivered)
 x - 101 stones
Armour
 c - a +0 leather armour
 i - a +0 scale mail (melded)
 y - a +0 helmet (melded)
Jewellery
 r - a ring of fire
Wands
 G - a wand of acid (11)
 J - a wand of polymorph (18)
Scrolls
 e - a scroll of immolation {unknown}
 h - 4 scrolls of enchant armour {unknown}
 j - a scroll of enchant weapon {unknown}
 k - a scroll of summoning {unknown}
 o - 3 scrolls of teleportation
 p - 2 scrolls of magic mapping {unknown}
 s - a scroll of brand weapon {unknown}
 u - 3 scrolls of vulnerability
 w - a scroll of noise {unknown}
 A - a scroll of fear
 H - 3 scrolls of identify
 I - a scroll of holy word {unknown}
Potions
 f - a potion of resistance {unknown}
 g - a potion of might
 m - 3 potions of attraction
 t - 2 potions of curing {unknown}
 v - a potion of flight {unknown}
 B - 2 potions of cancellation {unknown}
 C - a potion of invisibility {unknown}
 D - a potion of haste {unknown}
 E - a potion of degeneration {unknown}


   Skills:
 + Level 6.5 Fighting
 + Level 4.5 Short Blades
 + Level 4.5 Long Blades
 + Level 4.5 Axes
 + Level 4.5 Maces & Flails
 + Level 4.5 Polearms
 + Level 4.5 Staves
 + Level 9.6 Slings
 + Level 4.5 Bows
 + Level 4.5 Crossbows
 + Level 4.5 Throwing
 + Level 4.5 Armour
 + Level 6.5 Dodging
 + Level 5.1 Stealth
 + Level 4.5 Shields
 + Level 4.5 Unarmed Combat
 + Level 4.5 Spellcasting
 + Level 3.7 Conjurations
 + Level 3.7 Hexes
 + Level 3.7 Summonings
 + Level 3.7 Necromancy
 + Level 3.7 Translocations
 + Level 3.7 Transmutations
 + Level 3.7 Fire Magic
 + Level 3.7 Ice Magic
 + Level 3.7 Air Magic
 + Level 3.7 Earth Magic
 + Level 3.7 Poison Magic
 + Level 4.9 Invocations
 + Level 4.5 Evocations


You had 17 spell levels left.
You didn't know any spells.
Your spell library contained the following spells:

 Spells                   Type           Power      Damage    Failure   Level
 Animate Skeleton         Necr           22%        N/A       4%          1
 Pain                     Necr           44%        1d6       4%          1
 Passwall                 Tmut/Erth      9%         N/A       7%          2
 Swiftness                Air            11%        N/A       14%         3
 Vampiric Draining        Necr           5%         2d6       14%         3
 Invisibility             Hex            5%         N/A       100%        6


Dungeon Overview and Level Annotations

Branches:
Dungeon (8/15)             Temple (1/1) D:7
   Lair: D:8-11

Altars:
Cheibriados
Dithmenos
Elyvilon
Gozag
Kikubaaqudgha
Makhleb
Nemelex Xobeh
Qazlal
Ru
Sif Muna
Xom
Yredelemnul
Zin
The Shining One

Shops:
D:4 !   D:7 *

Annotations:
D:8 Maggie


Innate Abilities, Weirdness & Mutations

You are a tree.
Your roots penetrate the ground, keeping you stationary.
You cannot be teleported.
You are immune to unholy pain and torment.
Your maximum health is greatly increased.
Your equipment is partially melded.
((You have very sharp teeth.))
Your uncanny sense of smell can sniff out nearby items.
Your experience applies equally to all skills.


Message History

The water moccasin bites you but does no damage.
Maggie points at you and mumbles some strange words.
The bolt of fire hits you!
* * * LOW HITPOINT WARNING * * *
The water moccasin bites you but does no damage.
Maggie hits you but does no damage.
You barely miss Maggie.
Maggie is almost dead.
You break out of your daze.
You feel very sick.
The water moccasin bites you but does no damage.
Maggie casts a spell.
Maggie attempts to bespell you! You resist.
You hit Maggie but do no damage.
Maggie is almost dead.
You feel sick.
The water moccasin bites you but does no damage. x2
Maggie hits you but does no damage.
Unknown command.
You hit Maggie.
Maggie is almost dead.
You feel sick.
The water moccasin bites you but does no damage.
Maggie gestures at you while chanting. The bolt of fire hits you!
* * * LOW HITPOINT WARNING * * *
You hit Maggie but do no damage.
Maggie is almost dead.
You feel sick.
The water moccasin bites you but does no damage.
Maggie practices a pose.
Maggie hits you but does no damage. The water moccasin bites you!
* * * LOW HITPOINT WARNING * * *
It was a potion of might.
You feel very mighty all of a sudden.
Your transformation is almost over.
You feel sick. The water moccasin bites you.
* * * LOW HITPOINT WARNING * * *
Maggie points at you and mumbles some strange words.
The bolt of fire hits you!!
You die...

### ### #<# #.#
#.#####.##
#.....♣S.#####
#######@.....#
##.###.#
#######.....#
#...........# ..#
#...........#...#
#..........)....#
#................#
#................#


You could see Maggie and a water moccasin.

Vanquished Creatures
  Grinder (D:3)
  A yak (D:7)
  A steam dragon (Temple)
  Menkaure (D:7)
  An acid dragon (D:5)
  3 water moccasins
  An orc warrior (D:6)
  An ice beast (D:6)
  A black bear (D:5)
  2 necrophages
  2 centaurs (D:6)
  2 phantoms
  2 scorpions
  A wyvern zombie (D:7)
  2 water moccasin skeletons (D:5)
  A centaur zombie (D:5)
  A bullfrog zombie (D:5)
  4 hounds
  3 centaur skeletons
  2 orc priests (D:5)
  2 iguanas
  8 orc wizards
  Robin (D:3)
  A howler monkey skeleton (D:7)
  8 adders
  A shadow imp (D:6)
  A white imp (D:7)
  2 adder skeletons
  3 dart slugs
  21 orcs
  3 endoplasms
  2 giant cockroaches
  14 goblins
  5 hobgoblins
  14 jackals
  8 kobolds
  6 quokkas
  9 ball pythons
  3 bats
  3 frilled lizards
  7 rats
155 creatures vanquished.

Notes
Turn   | Place    | Note
-------+----------+-------------------------------------------
     0 | D:1      | hatdisgam the Gnoll Hunter began the quest for the Orb.
     0 | D:1      | Reached XP level 1. HP: 20/20 MP: 1/1
   374 | D:1      | Reached XP level 2. HP: 26/26 MP: 2/2
   472 | D:1      | Found a faded altar of an unknown god.
   732 | D:1      | Reached XP level 3. HP: 24/31 MP: 3/3
  1588 | D:2      | Reached skill level 1 in Invocations
  2288 | D:2      | Reached skill level 1 in Short Blades
  2288 | D:2      | Reached skill level 1 in Long Blades
  2288 | D:2      | Reached skill level 1 in Axes
  2288 | D:2      | Reached skill level 1 in Maces & Flails
  2288 | D:2      | Reached skill level 1 in Polearms
  2288 | D:2      | Reached skill level 1 in Staves
  2288 | D:2      | Reached skill level 1 in Bows
  2288 | D:2      | Reached skill level 1 in Crossbows
  2288 | D:2      | Reached skill level 1 in Throwing
  2288 | D:2      | Reached skill level 1 in Armour
  2288 | D:2      | Reached skill level 1 in Shields
  2288 | D:2      | Reached skill level 1 in Unarmed Combat
  2288 | D:2      | Reached skill level 1 in Spellcasting
  2288 | D:2      | Reached skill level 1 in Evocations
  2620 | D:3      | Reached XP level 4. HP: 37/38 MP: 5/5
  3045 | D:3      | Found a sparkling altar of Nemelex Xobeh.
  3216 | D:3      | Noticed Robin
  3216 | D:3      | Noticed Grinder
  3230 | D:3      | Reached skill level 1 in Conjurations
  3230 | D:3      | Reached skill level 1 in Hexes
  3230 | D:3      | Reached skill level 1 in Summonings
  3230 | D:3      | Reached skill level 1 in Necromancy
  3230 | D:3      | Reached skill level 1 in Translocations
  3230 | D:3      | Reached skill level 1 in Transmutations
  3230 | D:3      | Reached skill level 1 in Fire Magic
  3230 | D:3      | Reached skill level 1 in Ice Magic
  3230 | D:3      | Reached skill level 1 in Air Magic
  3230 | D:3      | Reached skill level 1 in Earth Magic
  3230 | D:3      | Reached skill level 1 in Poison Magic
  3464 | D:3      | Killed Grinder
  3465 | D:3      | Reached XP level 5. HP: 43/43 MP: 5/7
  3465 | D:3      | Reached XP level 6. HP: 50/50 MP: 5/8
  3542 | D:3      | Killed Robin
  3543 | D:3      | Reached skill level 5 in Fighting
  3543 | D:3      | Reached skill level 5 in Dodging
  3887 | D:4      | Found Haedd's Distillery.
  3899 | D:4      | Bought a potion of heal wounds for 70 gold pieces
  4382 | D:4      | Reached XP level 7. HP: 56/56 MP: 10/10
  5005 | D:5      | Entered Level 5 of the Dungeon
  5028 | D:5      | Found a burning altar of Makhleb.
  5099 | D:5      | Reached skill level 9 in Slings
  5373 | D:5      | Reached XP level 8. HP: 51/63 MP: 12/12
  5947 | D:5      | Found a basalt altar of Yredelemnul.
  6870 | D:6      | Reached XP level 9. HP: 55/69 MP: 14/14
  8765 | D:7      | Found Baboim's General Store.
  8777 | D:7      | Bought a potion of heal wounds for 80 gold pieces
  8825 | D:7      | Found a staircase to the Ecumenical Temple.
  8837 | D:7      | Noticed Menkaure
  8851 | Temple   | Entered the Ecumenical Temple
  9378 | Temple   | Became a worshipper of Dithmenos the Shadowed
  9421 | D:7      | Killed Menkaure
  9422 | D:7      | Reached skill level 5 in Stealth
 10101 | D:8      | Noticed Maggie
 10137 | D:8      | HP: 5/106 [water moccasin (7)]
 10138 | D:8      | HP: 2/106 [water moccasin (2)]
 10138 | D:8      | Killed from afar by Maggie

Illustrated notes

Levels and vault maps discovered:
D:1:      lemuel_arrival_broad_hall, layout_basic,
          dreamdust_ecumenical_altar_angels_and_demons
D:2:      minmay_chambers_of_ones, layout_basic, hangedman_abyss_or_decor_stabs
D:3:      layout_basic, nemelex_dance_club_becter, uniq_robin, uniq_grinder
D:4:      layout_layer_cave, serial_shops, nicolae_stop_n_shop_2,
          kennysheep_generic_room_9
D:5:      layout_basic, lemuel_tele_altar, lemuel_zombie_altar_yredelemnul
D:6:      layout_loops_ring
D:7:      layout_cave_pools, minmay_temple_entry_statues_fountains,
          serial_shops, shop, uniq_menkaure
D:8:      layout_basic, fedhas_bush_and_centaur_altar,
          gammafunk_temple_overflow_statue, enter_bailey_5,
          minmay_misc_feat_plants, kennysheep_another_room, uniq_prince_ribbit1,
          uniq_maggie
Temple:   minmay_temple_curvy_loop

Skill      XL: |  1  2  3  4  5  6  7  8  9 |
---------------+----------------------------+-----
Invocations    | 1 2 3 4 |  4.9
Short Blades   | 1 2 3 4 |  4.5
Long Blades    | 1 2 3 4 |  4.5
Axes           | 1 2 3 4 |  4.5
Maces & Flails | 1 2 3 4 |  4.5
Polearms       | 1 2 3 4 |  4.5
Staves         | 1 2 3 4 |  4.5
Bows           | 1 2 3 4 |  4.5
Crossbows      | 1 2 3 4 |  4.5
Throwing       | 1 2 3 4 |  4.5
Armour         | 1 2 3 4 |  4.5
Shields        | 1 2 3 4 |  4.5
Unarmed Combat | 1 2 3 4 |  4.5
Spellcasting   | 1 2 3 4 |  4.5
Evocations     | 1 2 3 4 |  4.5
Conjurations   | 1 2 3 |  3.7
Hexes          | 1 2 3 |  3.7
Summonings     | 1 2 3 |  3.7
Necromancy     | 1 2 3 |  3.7
Translocations | 1 2 3 |  3.7
Transmutations | 1 2 3 |  3.7
Fire Magic     | 1 2 3 |  3.7
Ice Magic      | 1 2 3 |  3.7
Air Magic      | 1 2 3 |  3.7
Earth Magic    | 1 2 3 |  3.7
Poison Magic   | 1 2 3 |  3.7
Stealth        | 3 4 5 |  5.1
Fighting       | 5 6 |  6.5
Dodging        | 5 6 |  6.5
Slings         | 9 |  9.6

Action                   |  1- 3 |  4- 6 |  7- 9 || total
-------------------------+-------+-------+-------++-------
Melee: Short sword       |   124 |    40 |   129 ||   293
       Bite              |     7 |     2 |    18 ||    27
       Punch             |       |     2 |     7 ||     9
       Dagger            |       |       |    64 ||    64
       Flail             |       |       |    35 ||    35
       Hunting sling     |       |       |     1 ||     1
 Fire: Hunting sling     |    52 |   103 |   393 ||   548
  Use: Scroll            |       |       |     5 ||     5
       Potion            |       |       |     8 ||     8
 Stab: Sleeping          |     3 |       |       ||     3
Armor: Leather armour    |    26 |    16 |     1 ||    43
       Scale mail        |       |       |   128 ||   128
       Skin              |       |       |    64 ||    64
Dodge: Dodged            |    84 |    56 |   150 ||   290

Table legend: (Time is in decaauts)
 A = Elapsed time spent in this place.
 B = Non-inter-level travel time spent in this place.
 C = Inter-level travel time spent in this place.
 D = Time resting spent in this place.
 E = Time spent auto-exploring this place.
 F = Levels seen in this place.
 G = Mean time per level.
                   A        B        C        D        E       F      G
               +--------+--------+--------+--------+--------+-----+--------+
         Total |   9975 |   9625 |    350 |    905 |   7299 |   9 | 1108.3 |
       Dungeon |   9414 |   9098 |    316 |    611 |   7101 |   8 | 1176.8 |
        Temple |    560 |    526 |     34 |    294 |    198 |   1 |  560.0 |
               +--------+--------+--------+--------+--------+-----+--------+

Top non-repeatable levels by time:
     D:1: 1577 daAuts
     D:6: 1568 daAuts
     D:4: 1449 daAuts
     D:5: 1250 daAuts
     D:3: 1234 daAuts
     D:7: 1213 daAuts
     D:2: 1049 daAuts
  Temple: 560 daAuts
     D:8: 71 daAuts
